 Dungeon Crawl Stone Soup version 0.31.0-12-g77e489cdc1 (webtiles) character file.

Game seed: 10944432020669001638

534 Baz the Slasher (level 7, -2/61 HPs)
             Began as a Minotaur Fighter on Feb 27, 2024.
             Slain by a gnoll sergeant
             ... wielding a +0 spear
              (10 damage)
             ... on level 4 of the Dungeon.
             The game lasted 00:03:23 (2905 turns).

Baz the Slasher (Minotaur Fighter)                  Turns: 2905, Time: 00:03:24

Health: -2/61      AC:  8    Str: 23    XL:     7   Next: 4%
Magic:  6/6        EV:  9    Int:  5    God:
Gold:   98         SH:  5    Dex:  9    Spells: 6/6 levels left

rFire   . . .        a - +0 long sword
rCold   . . .        c - +0 buckler
rNeg    . . .        b - +0 scale mail
rPois   .            (helmet restricted)
rElec   .            (no cloak)
rCorr   .            (no gloves)
SInv    +            n - +0 pair of boots
Will    .....        (no amulet) Stlth
                     m - ring of see invisible
HPRegen 0.30/turn    (no ring)
MPRegen 0.10/turn

%: no passive effects
@: mighty
A: horns 2, retaliatory headbutt
a: no special abilities


You were on level 4 of the Dungeon.
You visited 1 branch of the dungeon, and saw 4 of its levels.

You collected 163 gold pieces.
You spent 65 gold pieces at shops.

Inventory:

Hand Weapons
 a - a +0 long sword (weapon)
Armour
 b - a +0 scale mail (worn)
 c - a +0 buckler (worn)
 n - a +0 pair of boots (worn)
Jewellery
 h - a ring of magical power
 m - a ring of see invisible (left hand)
Wands
 p - a wand of paralysis (5)
 t - a wand of digging (5)
Scrolls
 e - a scroll of enchant weapon {unknown}
 f - 2 scrolls of immolation {unknown}
 g - 5 scrolls of identify {unknown}
 i - 5 scrolls of teleportation {unknown}
 r - a scroll of silence {unknown}
 s - a scroll of amnesia {unknown}
Potions
 j - 2 potions of heal wounds
 k - a potion of resistance {unknown}
 l - 2 potions of enlightenment {unknown}
 o - a potion of mutation {unknown}
 q - 2 potions of haste {unknown}


   Skills:
 + Level 5.3 Fighting
 * Level 6.1 Long Blades
 + Level 5.3 Armour
 + Level 5.4 Shields


You had 6 spell levels left.
You didn't know any spells.
Your spell library contained the following spells:

 Spells                   Type           Power      Damage    Failure   Level
 Gell's Gravitas          Tloc           0%         N/A       99%         3
 Teleport Other           Tloc           0%         N/A       99%         3
 Dispersal                Tloc           0%         N/A       100%        6


Dungeon Overview and Level Annotations

Branches:
Dungeon (4/15)
 Temple: D:4-7

Altars:
Yredelemnul

Shops:
D:2 !


Innate Abilities, Weirdness & Mutations

You have a pair of horns on your head.
You reflexively headbutt those who attack you in melee.


Message History

The gnoll is severely wounded.
The gnoll sergeant hits you from afar with a +0 spear.
The gnoll sergeant hits you with a +0 spear.
The gnoll hits you with a +0 whip.
You slash the gnoll sergeant!
The gnoll sergeant is moderately wounded.
The gnoll sergeant hits you with a +0 spear!
* * * LOW HITPOINT WARNING * * *
The gnoll hits you with a +0 whip.
* * * LOW HITPOINT WARNING * * *
Unknown command.
You feel much better. The gnoll sergeant closely misses you.
You block the gnoll's attack.
You feel very mighty all of a sudden. The gnoll sergeant misses you.
The gnoll barely misses you.
You barely miss the gnoll sergeant.
The gnoll sergeant is moderately wounded.
The gnoll sergeant hits you but does no damage.
The gnoll hits you with a +0 whip.
The gnoll sergeant hits you with a +0 spear.
You barely miss the gnoll sergeant.
The gnoll sergeant is moderately wounded.
The gnoll hits you but does no damage.
The gnoll sergeant hits you with a +0 spear!
You barely miss the gnoll sergeant.
The gnoll sergeant is moderately wounded.
The gnoll closely misses you. You furiously retaliate!
You headbutt the gnoll!
You kill the gnoll!
The gnoll sergeant hits you with a +0 spear!
* * * LOW HITPOINT WARNING * * *
Unknown command.
You hit the gnoll sergeant.
The gnoll sergeant is heavily wounded.
The gnoll sergeant hits you with a +0 spear.
* * * LOW HITPOINT WARNING * * *
Unknown command.
You hit the gnoll sergeant but do no damage.
The gnoll sergeant is heavily wounded.
The gnoll sergeant hits you with a +0 spear!
You die...

.............#...
#.....##.....#.# #.....#........#
.. #.....#...)....# ...
#.....#........####...
#..........#..........
.......###..........#..........
...............)....#..........
................@...#....>.......
................g.........##.....
..#.b...........##........# ##..
................##........# ..
............b...#####'#.#### ..
#....†....................... ..
#...†.#########....)......... ..
#...b.#########............... ..
.......)).)†.)................ ..


You could see a gnoll sergeant.

Vanquished Creatures
  Sigmund (D:3)
  2 howler monkeys (D:4)
  A bombardier beetle (D:3)
  2 hounds (D:4)
  An iguana (D:4)
  5 gnolls (D:4)
  3 adders
  3 ribbon worms (D:2)
  9 orcs
  An endoplasm (D:1)
  2 giant cockroaches (D:1)
  8 goblins
  7 hobgoblins
  13 jackals
  2 quokkas (D:3)
  8 ball pythons
  8 bats
  3 frilled lizards
  3 kobolds
  6 rats
88 creatures vanquished.

Notes
Turn   | Place    | Note
-------+----------+-------------------------------------------
     0 | D:1      | Baz the Minotaur Fighter began the quest for the Orb.
     0 | D:1      | Reached XP level 1. HP: 19/19 MP: 0/0
   148 | D:1      | Reached XP level 2. HP: 27/27 MP: 1/1
   168 | D:1      | Reached skill level 3 in Long Blades
   413 | D:1      | Reached XP level 3. HP: 33/33 MP: 2/2
   471 | D:1      | Found a faded altar of an unknown god.
  1002 | D:2      | Found Kegoa's Distillery.
  1028 | D:2      | Bought a potion of heal wounds for 65 gold pieces
  1301 | D:2      | Found a basalt altar of Yredelemnul.
  1797 | D:3      | Noticed Sigmund
  1814 | D:3      | Reached XP level 4. HP: 40/40 MP: 3/3
  1823 | D:3      | Killed Sigmund
  1824 | D:3      | Reached skill level 5 in Long Blades
  1824 | D:3      | Reached XP level 5. HP: 47/47 MP: 4/4
  2087 | D:3      | Reached XP level 6. HP: 38/55 MP: 5/5
  2542 | D:4      | Reached skill level 5 in Armour
  2545 | D:4      | Reached skill level 5 in Fighting
  2545 | D:4      | Reached skill level 5 in Shields
  2696 | D:4      | Reached skill level 6 in Long Blades
  2748 | D:4      | Reached XP level 7. HP: 16/61 MP: 6/6
  2905 | D:4      | Slain by a gnoll sergeant

Illustrated notes

Levels and vault maps discovered:
D:1:      ebering_trefoil_twist, layout_loops_ring,
          shapermc_ecumenical_altar_pompeii, nrook_campfire,
          nicolae_eternal_life, minmay_misc_feat_pillars, minmay_ruptured
D:2:      layout_basic, basic_altar, serial_shops, shop, nicolae_half_adder
D:3:      layout_loops_ring, guppyfry_early_orc_mine, uniq_sigmund
D:4:      lemuel_castle_with_subvaults [lemuel_castle_interior_carwin_2],
          layout_basic, minmay_temple_entry_butterflies

Skill      XL: |  1  2  3  4  5  6 |
---------------+-------------------+-----
Long Blades    | 3 5 6 |  6.1
Armour         | 4 5 |  5.3
Fighting       | 4 5 |  5.3
Shields        | 4 5 |  5.4

Action                     |  1- 3 |  4- 6 |  7- 9 || total
---------------------------+-------+-------+-------++-------
  Melee: Long sword        |   111 |   114 |    18 ||   243
         Headbutt          |    10 |    22 |       ||    32
  Evoke: Wand              |       |     1 |       ||     1
    Use: Potion            |       |       |     2 ||     2
   Stab: Paralysed         |       |     6 |       ||     6
 Armour: Scale mail        |    81 |    98 |    23 ||   202
  Dodge: Dodged            |    68 |    64 |     6 ||   138
  Block: Buckler           |    35 |    33 |     3 ||    71
